[Event "The Kvibergspelen 2024"]
[Site "Kviberg Park Hotel & Conference, Krutvagen 2, Gothenburg, Sweden"]
[Date "2024.09.08"]
[Round "7.1"]
[White "Lindberg, Bengt"]
[Black "Kucuksari, Kaan"]
[Result "1/2-1/2"]
[TimeControl "15 minutes + 5 seconds per move from move one (Round 1 - 4) / 90 minutes + 30 seconds per move from move one (Round 5 - 8)"]
[WhiteTitle "IM"]
[BlackTitle "IM"]
[WhiteFideId "1700359"]
[BlackFideId "6380166"]
[WhiteElo "2337"]
[BlackElo "2455"]

1. e4 c5 2. Nf3 d6 3. d4 cxd4 4. Nxd4 Nf6 5. Nc3 a6 6. Be3 Ng4 7. Bg5 h6 8. Bc1 Nf6 9. Be2 e5 10.
Nb3 Be7 11. O-O O-O 12. f4 b5 13. a4 b4 14. Nd5 Nxd5 15. exd5 Qb6+ 16. Kh1 a5 17. c4 Nd7 18. Qe1 Bf6 19.
Bd3 Re8 20. Qe4 Nf8 21. f5 Nh7 22. Be3 Qd8 23. c5 Bg5 24. Bb5 Nf6 25. Bxg5 Nxe4 26. Bxd8 Rxd8 27. c6 Re8 28. Rae1 Nf6 29.
Bc4 Kf8 30. h3 h5 31. g3 Re7 32. Kg2 Ke8 33. Nd2 Kd8 34. Ne4 Nxe4 35. Rxe4 g6 36. fxg6 fxg6 37. g4 hxg4 38. hxg4 Rg7 39.
Rf8+ Ke7 40. Rh8 Rf7 41. Kg3 Rf8 42. Rh6 Kf6 43. Rh7 Kg5 44. Bd3 Rb8 45. b3 Ra8 46. Rh2 Rb8 47. Rh1 Ra8 48.
Rh7 Rb8 49. Ra7 Rf4 50. c7 Rb7 51. Rxb7 Bxb7 52. Rc4 Rxc4 53. Bxc4 Kf6 54. Bd3 Kg5 55. Be4 Bc8 56. Bf3 Bd7 57.
Be4 Bc8 58. Bd3 Bb7 59. Bb5 Bc8 60. Be8 Kf6 61. Kh4 g5+ 62. Kg3 Ke7 63. Bb5 Bb7 64. Kf2 Bc8 65. Kf3 Bb7 66. Ke4 Bc8 67.
Bc6 Kf6 68. Bb5 Ke7 69. Kf3 Bb7 70. Ke4 1/2-1/2

[Event "The Kvibergspelen 2024"]
[Site "Kviberg Park Hotel & Conference, Krutvagen 2, Gothenburg, Sweden"]
[Date "2024.09.08"]
[Round "7.2"]
[White "Sorensen, Hampus"]
[Black "Johansson, William"]
[Result "1-0"]
[TimeControl "15 minutes + 5 seconds per move from move one (Round 1 - 4) / 90 minutes + 30 seconds per move from move one (Round 5 - 8)"]
[WhiteTitle "IM"]
[WhiteFideId "8703884"]
[BlackFideId "1744070"]
[WhiteElo "2420"]
[BlackElo "1899"]

1. d4 Nf6 2. c4 e6 3. Nc3 Bb4 4. e3 b6 5. Nge2 Ba6 6. a3 Be7 7. Ng3 d5 8. Qf3 c6 9. b3 h5 10.
Bd3 h4 11. Nge2 Nbd7 12. Nf4 Bb7 13. Qd1 e5 14. dxe5 Nxe5 15. cxd5 g5 16. Nfe2 h3 17. gxh3 Nf3+ 18. Kf1 Bc8 19. Ng1 Bxh3+ 20. Nxh3 Rxh3 21. Bf5 g4 22. Bb2 cxd5 23. Nb5 Rh5 24.
Qc2 Nd2+ 25. Ke1 Nxb3 26. Nc7+ Kf8 27. Rd1 Nc5 28. Nxa8 Qxa8 29. Bd4 Qb8 30. Bxf6 Bxf6 31. Bxg4 Rxh2 32.
Bf3 Bh4 33. Kf1 Ne4 34. Bxe4 dxe4 35. Rxh2 Qxh2 36. Qc8+ Kg7 37. Qg4+ Kf8 38. Rd2 Qh1+ 39. Ke2 Be7 40. Rd1 Qh7 41.
Qc8+ Kg7 42. Rg1+ Kf6 43. Rg4 Qh1 44. Qc6+ Ke5 45. Qc7+ Ke6 46. Qc6+ Ke5 47. Qc7+ Ke6 48. Qc4+ Kf6 49.
Rf4+ Kg5 50. Qxf7 1-0

[Event "The Kvibergspelen 2024"]
[Site "Kviberg Park Hotel & Conference, Krutvagen 2, Gothenburg, Sweden"]
[Date "2024.09.08"]
[Round "7.3"]
[White "Arman, Deniz"]
[Black "Grahn, Vidar"]
[Result "1-0"]
[TimeControl "15 minutes + 5 seconds per move from move one (Round 1 - 4) / 90 minutes + 30 seconds per move from move one (Round 5 - 8)"]
[WhiteTitle "FM"]
[BlackTitle "FM"]
[WhiteFideId "6302106"]
[BlackFideId "1744780"]
[WhiteElo "2348"]
[BlackElo "2219"]

1. e4 e5 2. Nf3 Nc6 3. d4 exd4 4. Nxd4 Nf6 5. Nxc6 bxc6 6. e5 Qe7 7. Qe2 Nd5 8. c4 Ba6 9. b3 g6 10.
Bb2 Bg7 11. g3 O-O 12. Bg2 Rae8 13. O-O Bxe5 14. Qxe5 Qxe5 15. Bxe5 Rxe5 16. cxd5 Bxf1 17. Kxf1 cxd5 18. Nc3 c6 19.
Ne2 Rfe8 20. Bf3 g5 21. Rd1 f5 22. h3 a6 23. Nc1 d4 24. Be2 f4 25. gxf4 gxf4 26. Bg4 Rc5 27. Bxd7 Re7 28. Bg4 Rc2 29. Bf5 Rc5 30.
Bg4 Rc2 31. Be2 a5 32. Bd3 Rb2 33. a4 f3 34. Bc4+ Kg7 35. Nd3 Ra2 36. Nf4 Kf6 37. Nh5+ Kg5 38. Ng3 c5 39. Bd3 Kf4 40.
h4 h6 41. Rc1 Re5 42. h5 Rd2 43. Bg6 d3 44. Rc4+ Kg5 45. Ne4+ Rxe4 46. Rxe4 Re2 47. Re3 Kf4 48. Bxd3 Rd2 49. Bg6 Rd1+ 50. Re1 Rd4 51. Rc1 1-0

[Event "The Kvibergspelen 2024"]
[Site "Kviberg Park Hotel & Conference, Krutvagen 2, Gothenburg, Sweden"]
[Date "2024.09.08"]
[Round "7.5"]
[White "Ostlund, Joar"]
[Black "Nord, Alexander"]
[Result "1-0"]
[TimeControl "15 minutes + 5 seconds per move from move one (Round 1 - 4) / 90 minutes + 30 seconds per move from move one (Round 5 - 8)"]
[WhiteTitle "FM"]
[BlackTitle "CM"]
[WhiteFideId "1735020"]
[BlackFideId "1738135"]
[WhiteElo "2335"]
[BlackElo "2209"]

1. d4 d5 2. Nf3 Nf6 3. Bf4 e6 4. e3 c5 5. Nbd2 Nc6 6. c3 cxd4 7. exd4 Nh5 8. Be3 Bd6 9. Bd3 Nf4 10.
Bxf4 Bxf4 11. g3 Bd6 12. O-O O-O 13. Re1 Bd7 14. a3 Rc8 15. Rc1 Na5 16. Qe2 b5 17. Ne5 Nc4 18. Ndf3 Be8 19.
Bb1 a5 20. h4 g6 21. h5 b4 22. axb4 axb4 23. hxg6 hxg6 24. Kg2 bxc3 25. bxc3 Qf6 26. Rh1 Bb5 27. Ng4 Qe7 28. Rh4 Kg7 29.
Rch1 Rh8 30. Qe1 Rxh4 31. Rxh4 Rh8 32. Rxh8 Kxh8 33. Qh1+ Kg8 34. Qh6 f5 35. Qxg6+ Kf8 36. Ng5 1-0

[Event "The Kvibergspelen 2024"]
[Site "Kviberg Park Hotel & Conference, Krutvagen 2, Gothenburg, Sweden"]
[Date "2024.09.08"]
[Round "7.6"]
[White "Kingsley, Elias"]
[Black "Frank, Anton"]
[Result "0-1"]
[TimeControl "15 minutes + 5 seconds per move from move one (Round 1 - 4) / 90 minutes + 30 seconds per move from move one (Round 5 - 8)"]
[WhiteFideId "1775006"]
[BlackFideId "1752383"]
[WhiteElo "2047"]
[BlackElo "2142"]

1. c4 e6 2. Nc3 d5 3. d4 Nf6 4. Nf3 dxc4 5. e4 b5 6. e5 Nd5 7. Nxb5 Nb6 8. Be3 Nc6 9. Be2 Be7 10.
O-O O-O 11. b3 cxb3 12. axb3 Bb7 13. Qb1 Nb4 14. Rc1 N6d5 15. Nc3 Nxe3 16. fxe3 c5 17. Ne4 cxd4 18. exd4 h6 19. Kh1 Qb6 20.
Nc5 Bc6 21. Na6 Rac8 22. Nxb4 Bxb4 23. Ra6 Qb7 24. Ra2 Be4 25. Qa1 a5 26. Bd1 Qd5 27. Rxc8 Rxc8 28. Ra4 Qb5 29. h3 Qf1+ 30.
Kh2 Bd2 31. Nxd2 Qxg2# 0-1

[Event "The Kvibergspelen 2024"]
[Site "Kviberg Park Hotel & Conference, Krutvagen 2, Gothenburg, Sweden"]
[Date "2024.09.08"]
[Round "7.7"]
[White "Sjoholm, Emil"]
[Black "Mashhadi, Peyman"]
[Result "1-0"]
[TimeControl "15 minutes + 5 seconds per move from move one (Round 1 - 4) / 90 minutes + 30 seconds per move from move one (Round 5 - 8)"]
[WhiteFideId "1720449"]
[BlackFideId "1768581"]
[WhiteElo "2092"]
[BlackElo "2148"]

1. e4 e6 2. d4 d5 3. Nd2 Nf6 4. e5 Nfd7 5. Bd3 c5 6. c3 Nc6 7. Ne2 Qb6 8. Nf3 a5 9. O-O Be7 10.
Nf4 cxd4 11. cxd4 Qd8 12. Bd2 Nb4 13. Be2 Nb6 14. a3 Nc6 15. Rc1 Bd7 16. Bd3 h5 17. Re1 g5 18. Ng6 Rg8 19.
Nxe7 Qxe7 20. Qb3 Qd8 21. Bxg5 Rxg5 22. Nxg5 a4 23. Nxf7 axb3 24. Nxd8 Kxd8 25. Be2 Be8 26. Red1 Bg6 27.
Rc3 Bc2 28. Rd2 Na4 29. Rg3 Kc7 30. h4 Na5 31. Bxh5 Nc4 32. Rdd3 Bxd3 33. Rxd3 Na5 34. Bd1 Nxb2 35. Rc3+ Nbc4 36.
Bxb3 Kd7 37. h5 b6 38. Ba4+ Ke7 39. Rg3 Rh8 40. Rg7+ Kf8 41. Rg6 Kf7 42. g4 Nb7 43. Rf6+ Ke7 44.
h6 Nd2 45. Bc2 Nd8 46. Kg2 Nf7 47. Bg6 Nxh6 48. g5 Ng4 49. Rf7+ Kd8 50. Kg3 Nh2 51. Bd3 Ne4+ 52. Bxe4 dxe4 53.
g6 Nf1+ 54. Kg2 Rg8 55. g7 Ke8 56. Rf8+ Rxf8 57. gxf8=Q+ Kxf8 58. Kxf1 1-0

[Event "The Kvibergspelen 2024"]
[Site "Kviberg Park Hotel & Conference, Krutvagen 2, Gothenburg, Sweden"]
[Date "2024.09.08"]
[Round "7.8"]
[White "Al Waeli, Laith"]
[Black "Ask, Josef"]
[Result "1-0"]
[TimeControl "15 minutes + 5 seconds per move from move one (Round 1 - 4) / 90 minutes + 30 seconds per move from move one (Round 5 - 8)"]
[WhiteTitle "FM"]
[BlackTitle "FM"]
[WhiteFideId "4801059"]
[BlackFideId "1704583"]
[WhiteElo "2049"]
[BlackElo "2106"]

1. e4 c5 2. c3 e5 3. Nf3 Nc6 4. Bc4 Nf6 5. d3 h6 6. O-O Bd6 7. Bb3 Bb8 8. Re1 O-O 9. Nbd2 a6 10.
Nf1 d5 11. Ng3 Be6 12. Qe2 Re8 13. h3 b6 14. Bc2 Bc7 15. Nh2 Qd7 16. Qf3 Nh7 17. Ng4 Bd8 18. Nf5 Bxf5 19. exf5 Nf6 20. Bb3 c4 21. Nxf6+ Bxf6 22.
dxc4 e4 23. Qd1 d4 24. Ba4 d3 25. Bf4 Qb7 26. Qg4 Ne5 27. Qg3 b5 28. cxb5 axb5 29. Bb3 Kh7 30. Bxe5 Rxe5 31. Rad1 Rxf5 32.
Qg4 Re5 33. f4 Re7 34. Qf5+ Kg8 35. Bd5 Qb6+ 36. Kh1 Rae8 37. Rxe4 Rxe4 38. Bxe4 g6 39. Qd5 Rd8 40. Qc6 Qxc6 41.
Bxc6 b4 42. cxb4 Bxb2 43. a4 Bc3 44. b5 Ba5 45. g3 d2 46. Kg2 Rd3 47. Bf3 Rb3 48. Kf2 Kf8 49. Bd5 Rb2 50. Ke2 Ke7 51.
g4 f6 52. Be4 g5 53. fxg5 fxg5 54. Rb1 Rxb1 55. Bxb1 Kd6 56. Bc2 Kc5 57. Kd3 Bb4 58. Bb3 Ba5 59. Bd1 Kd6 60. Kd4 Bb6+ 61.
Ke4 Kc5 62. Kf5 Kd4 63. Kg6 Ke3 64. Kxh6 Kf4 65. Kh5 Bd8 66. Kg6 Kg3 67. Kf7 Ba5 68. Kf6 Kf4 69. Ke6 Ke4 70. Kd6 Kd4 71.
Kc6 Bd8 72. b6 Bf6 73. a5 1-0

[Event "The Kvibergspelen 2024"]
[Site "Kviberg Park Hotel & Conference, Krutvagen 2, Gothenburg, Sweden"]
[Date "2024.09.08"]
[Round "7.9"]
[White "Wickstrom, Carina"]
[Black "Eriksson, Kristian"]
[Result "1-0"]
[TimeControl "15 minutes + 5 seconds per move from move one (Round 1 - 4) / 90 minutes + 30 seconds per move from move one (Round 5 - 8)"]
[WhiteFideId "1743201"]
[BlackFideId "1705172"]
[WhiteElo "2015"]
[BlackElo "2051"]

1. Nf3 e6 2. g3 f5 3. Bg2 Nf6 4. O-O Be7 5. c4 O-O 6. Nc3 d6 7. d4 Ne4 8. Qb3 Bf6 9. e3 Kh8 10.
Nd2 Nxc3 11. bxc3 Nc6 12. Ba3 e5 13. c5 Be7 14. cxd6 Bxd6 15. Rab1 Qe7 16. Nc4 Bxa3 17. Qxa3 e4 18.
Qxe7 Nxe7 19. Ne5 b6 20. Rfc1 Bb7 21. c4 Nc6 22. f4 Na5 23. Bf1 Kg8 24. Rb5 Ba6 25. Rb2 Rac8 26. c5 Bxf1 27.
Kxf1 Rfd8 28. Ke2 Kf8 29. Kd2 Ke8 30. Rbc2 b5 31. c6 a6 32. Kc3 Rb8 33. Kb4 Nc4 34. Nxc4 bxc4+ 35. Kxc4 Rb6 36.
d5 Rdb8 37. Kd4 Ke7 38. Ke5 g6 39. h3 Re8 40. g4 Rb4 41. Rc4 Kf7+ 42. Kd4 Rb2 43. R1c2 Rb5 44. gxf5 gxf5 45. Ra4 Rb6 46.
Ra5 Kf6 47. Kc5 Rd8 48. Rd2 Rd6 49. Ra3 Rb5+ 50. Kc4 Rb6 51. Rd4 Rd8 52. Rb3 Rdb8 53. Rxb6 Rxb6 54. Rd2 Ke7 55. Rg2 Kf6 56.
a4 a5 57. Kc5 Rb3 58. Rg3 h5 59. h4 Rb4 60. d6 cxd6+ 61. Kxd6 Rxa4 62. c7 1-0

[Event "The Kvibergspelen 2024"]
[Site "Kviberg Park Hotel & Conference, Krutvagen 2, Gothenburg, Sweden"]
[Date "2024.09.08"]
[Round "7.10"]
[White "Thyberg, Andre"]
[Black "Nilsson, Oliver"]
[Result "0-1"]
[TimeControl "15 minutes + 5 seconds per move from move one (Round 1 - 4) / 90 minutes + 30 seconds per move from move one (Round 5 - 8)"]
[WhiteFideId "1764764"]
[BlackFideId "1730177"]
[WhiteElo "1994"]
[BlackElo "2050"]

1. e4 c5 2. Nf3 e6 3. d4 cxd4 4. c3 dxc3 5. Nxc3 Nc6 6. Bc4 Bb4 7. O-O Nge7 8. Nb5 d5 9. exd5 exd5 10.
Bf4 O-O 11. Bb3 Be6 12. Qe2 Rc8 13. Rad1 Qd7 14. a3 Bc5 15. Ng5 h6 16. Ne4 Bb6 17. h3 a6 18. Nbc3 Nd4 19. Qh5 dxe4 20.
Ba4 Nec6 21. Nxe4 Qd5 22. Nf6+ gxf6 23. Qxh6 Qf5 24. Rfe1 Qg6 0-1

[Event "The Kvibergspelen 2024"]
[Site "Kviberg Park Hotel & Conference, Krutvagen 2, Gothenburg, Sweden"]
[Date "2024.09.08"]
[Round "7.11"]
[White "Lehtonen, Ture"]
[Black "Ostensson, Julia"]
[Result "1-0"]
[TimeControl "15 minutes + 5 seconds per move from move one (Round 1 - 4) / 90 minutes + 30 seconds per move from move one (Round 5 - 8)"]
[WhiteFideId "1712446"]
[BlackFideId "1747703"]
[WhiteElo "2099"]
[BlackElo "2016"]

1. b4 Nf6 2. Bb2 g6 3. Nf3 Bg7 4.
c4 O-O 5. e3 d6 6. Be2 a5 7. b5 e5 8. d3 e4 9. dxe4 Nxe4 10. Bxg7 Kxg7 11. O-O Qf6 12. Nd4 Nd7 13. Qc2 Re8 14.
Bf3 Ndc5 15. Nc3 Nxc3 16. Qxc3 a4 17. Rfd1 h5 18. h3 Re5 19. Rac1 Bd7 20. Bd5 Re7 21. Rd2 Rae8 22. Bf3 Re5 23.
Qa5 Qd8 24. Ne2 Bf5 25. Nf4 Be4 26. Bxe4 Nxe4 27. Rd4 Nc5 28. Nd5 c6 29. Qxd8 Rxd8 30. bxc6 bxc6 31. Nb4 Ne6 32. Nxc6 Rc8 33.
Nxe5 Nxd4 34. exd4 dxe5 35. dxe5 Rc5 36. f4 f6 37. exf6+ Kxf6 38. Kf2 Kf5 39. Ke3 h4 40. Rc3 Ke6 41.
Kd4 Rf5 42. Ke4 Kd6 43. g4 hxg3 44. Rxg3 Rf6 45. Rg5 Re6+ 46. Kd4 Rf6 47. Ke4 Kc6 48. h4 Re6+ 49. Re5 Rd6 50. Ra5 Re6+ 51. Kf3 Kb6 52. Rxa4 Kc5 53.
h5 gxh5 54. Ra5+ Kxc4 55. Rxh5 Kd4 56. Rh2 Re3+ 57. Kg4 Ke4 58. Rg2 Re1 59. Kg5 Rf1 60. Re2+ Kd5 61. f5 Kd6 62. Kg6 Kd7 63.
f6 Rg1+ 64. Kf7 Rd1 65. Kf8 Rb1 66. f7 Rf1 67. Rd2+ Ke6 68.
Ke8 Rb1 69. f8=Q 1-0

[Event "The Kvibergspelen 2024"]
[Site "Kviberg Park Hotel & Conference, Krutvagen 2, Gothenburg, Sweden"]
[Date "2024.09.08"]
[Round "7.12"]
[White "Andersson, Johan"]
[Black "Stedman, Theodor"]
[Result "1-0"]
[TimeControl "15 minutes + 5 seconds per move from move one (Round 1 - 4) / 90 minutes + 30 seconds per move from move one (Round 5 - 8)"]
[WhiteFideId "1703935"]
[BlackFideId "1756230"]
[WhiteElo "2158"]
[BlackElo "1932"]

1. e4 e5 2. Nf3 Nc6 3. c3 d5 4. Qa4 Bd7 5. exd5 Nd4 6. Qd1 Nxf3+ 7. Qxf3 Nf6 8. Bc4 Bd6 9. d3 c6 10.
Bg5 h6 11. Bxf6 Qxf6 12. Qxf6 gxf6 13. Nd2 f5 14. O-O-O b5 15. Bb3 Rg8 16. g3 a5 17. dxc6 Bxc6 18. Rhe1 a4 19. Bc2 Kf8 20.
d4 exd4 21. cxd4 f4 22. Be4 Rc8 23. Bxc6 Rxc6+ 24. Kb1 fxg3 25. hxg3 Rg4 26. Re4 Rg6 27. Rc1 Bb4 28. Rxc6 Rxc6 29. d5 1-0

[Event "The Kvibergspelen 2024"]
[Site "Kviberg Park Hotel & Conference, Krutvagen 2, Gothenburg, Sweden"]
[Date "2024.09.08"]
[Round "7.13"]
[White "Havner, Arvid"]
[Black "Rajcevski, Dejan"]
[Result "0-1"]
[TimeControl "15 minutes + 5 seconds per move from move one (Round 1 - 4) / 90 minutes + 30 seconds per move from move one (Round 5 - 8)"]
[WhiteFideId "1769308"]
[BlackFideId "1759027"]
[WhiteElo "1893"]
[BlackElo "2131"]

1. e4 e5 2. Nf3 Nf6 3. Nc3 Bb4 4.
Nxe5 d6 5. Nd3 Bxc3 6. dxc3 Nxe4 7. Qe2 O-O 8. Be3 b5 9. O-O-O Bb7 10. f3 Nf6 11. Nf4 Re8 12. Qd2 a6 13.
c4 Nbd7 14. cxb5 axb5 15. Kb1 Bc6 16. Qc3 Ne5 17. Bd4 Bd7 18. g4 b4 19. Qd2 Nxf3 20. Qxb4 Ra4 0-1

[Event "The Kvibergspelen 2024"]
[Site "Kviberg Park Hotel & Conference, Krutvagen 2, Gothenburg, Sweden"]
[Date "2024.09.08"]
[Round "7.14"]
[White "Nilsson, Patrik"]
[Black "Simpson, Liam"]
[Result "1-0"]
[TimeControl "15 minutes + 5 seconds per move from move one (Round 1 - 4) / 90 minutes + 30 seconds per move from move one (Round 5 - 8)"]
[WhiteFideId "1708171"]
[BlackFideId "1778048"]
[WhiteElo "2124"]
[BlackElo "1881"]

1. d4 d5 2. Bf4 Nf6 3. e3 e6 4. Nd2 c5 5. c3 Bd6 6. Bg3 Qc7 7. dxc5 Qxc5 8. Ngf3 Nbd7 9. Bd3 O-O 10.
e4 Bxg3 11. hxg3 dxe4 12. Nxe4 Nxe4 13. Bxe4 Nf6 14. Bc2 e5 15. Qe2 e4 16. Nd4 Bg4 17. Qe3 h6 18. O-O Rfe8 19. Qf4 Rad8 20.
Bb3 b5 21. a3 a5 22. Nc2 e3 23. fxe3 Rd2 24. Nd4 Rxb2 25. Bxf7+ Kxf7 26. Qxg4 Rxe3 27. Kh1 Qd5 28. Qh3 Rxc3 29.
Rad1 Rxa3 30. Rf5 Qe4 31. Rf4 Qxf4 32. Qe6+ 1-0

[Event "The Kvibergspelen 2024"]
[Site "Kviberg Park Hotel & Conference, Krutvagen 2, Gothenburg, Sweden"]
[Date "2024.09.08"]
[Round "7.15"]
[White "Dingertz, Filip"]
[Black "Andersson, Robert"]
[Result "1/2-1/2"]
[TimeControl "15 minutes + 5 seconds per move from move one (Round 1 - 4) / 90 minutes + 30 seconds per move from move one (Round 5 - 8)"]
[WhiteFideId "1757288"]
[BlackFideId "1703226"]
[WhiteElo "1858"]
[BlackElo "2098"]

1. c4 c5 2. Nc3 Nc6 3. g3 g6 4. Bg2 Bg7 5. e4 d6 6. Nge2 Nf6 7. O-O O-O 8. d3 Rb8 9. h3 a6 10.
a4 Ne8 11. Be3 Nc7 12. d4 cxd4 13. Nxd4 Nxd4 14. Bxd4 Bxd4 15. Qxd4 a5 16. Nd1 Ne6 17. Qc3 Bd7 18. Ne3 Bc6 19.
f4 Qb6 20. Kh2 Qd4 21. Qxd4 Nxd4 22. Rfd1 Nb3 23. Ra3 Nc5 24. Nd5 Bxd5 25. Rxd5 b6 26. e5 dxe5 27. Rxe5 e6 28. g4 Rfd8 29.
f5 Rd2 30. fxe6 fxe6 31. Rae3 Rf8 32. Re2 Rf2 33. Rxf2 Rxf2 34. b4 axb4 35. a5 Nd3 36. Re3 Nf4 37. axb6 Rxg2+ 38. Kh1 Rd2 39.
b7 Rd8 40. c5 Rb8 41. c6 Nd5 42. Rd3 Ne7 43. c7 Rxb7 44. Rd8+ Kf7 45. Rd7 Rxc7 46. Rxc7 g5 47. Rb7 Kf6 48.
Rxb4 Nd5 49. Ra4 Nf4 50. Kh2 h5 51. gxh5 1/2-1/2

[Event "The Kvibergspelen 2024"]
[Site "Kviberg Park Hotel & Conference, Krutvagen 2, Gothenburg, Sweden"]
[Date "2024.09.08"]
[Round "7.16"]
[White "Rosenius, Ludwig"]
[Black "Krilovs, Nikolajs"]
[Result "1/2-1/2"]
[TimeControl "15 minutes + 5 seconds per move from move one (Round 1 - 4) / 90 minutes + 30 seconds per move from move one (Round 5 - 8)"]
[WhiteFideId "1750623"]
[BlackFideId "11603100"]
[WhiteElo "1755"]
[BlackElo "2054"]

1. e4 g6 2. d4 Bg7 3. Nf3 d6 4.
Bc4 Nf6 5. Nc3 c6 6. O-O b5 7. Bd3 b4 8. Ne2 O-O 9. h3 Nfd7 10. Be3 c5 11. Qd2 Ba6 12. Bxa6 Nxa6 13. Bh6 Qb6 14.
Bxg7 Kxg7 15. Qg5 Nf6 16. e5 dxe5 17. Qxe5 Rad8 18. dxc5 Qxc5 19. Qxc5 Nxc5 20. Rfd1 Na4 21. b3 Nb6 22.
Ne5 Rc8 23. Nd4 Rc7 24. a3 a5 25. axb4 axb4 26. Ra6 Nbd5 27. Nc4 Kg8 28. Re1 Rfc8 29. Nf3 Nf4 30. Rb6 N6d5 31. Rb5 Rc5 32.
Rxc5 Rxc5 33. g3 Ne6 34. Rd1 Ndc7 35. Rd7 Kf8 36. Nfe5 Ke8 37. Rd2 Nd5 38. Nd3 Rb5 39. Kg2 Kf8 40.
Nde5 Nec7 41. Nf3 Rb8 42. Nfe5 Ra8 43. Nd7+ Kg7 44. Ndb6 Nxb6 45. Nxb6 Ra2 46. Nc4 Kf6 47. Ne3 Ra5 48.
Rd4 Rb5 1/2-1/2

[Event "The Kvibergspelen 2024"]
[Site "Kviberg Park Hotel & Conference, Krutvagen 2, Gothenburg, Sweden"]
[Date "2024.09.08"]
[Round "7.17"]
[White "Kashwan, Hassan"]
[Black "Sigeman, Johan"]
[Result "1/2-1/2"]
[TimeControl "15 minutes + 5 seconds per move from move one (Round 1 - 4) / 90 minutes + 30 seconds per move from move one (Round 5 - 8)"]
[WhiteFideId "137122555"]
[BlackFideId "1705601"]
[WhiteElo "1936"]
[BlackElo "2032"]

1. d4 Nf6 2. c4 e6 3. Nf3 d5 4. g3 dxc4 5. Bg2 Nc6 6. O-O Rb8 7. a4 a6 8. a5 Bb4 9. Na3 c3 10.
Nc4 cxb2 11. Bxb2 O-O 12. Qb3 Qe7 13. Nfe5 Bd7 14. Nd3 Rfd8 15. Rfb1 Qf8 16. Nce5 Be7 17. Nxd7 Rxd7 18. Bxc6 bxc6 19. Qc4 Qc8 20. Qxc6 Rd5 21.
Bc3 Rdb5 22. Rxb5 Rxb5 23. Nc5 Bxc5 24. dxc5 Nd7 25. Bd4 Nb8 26. Qe4 Qd7 27. Ra3 Nc6 28. Rd3 Qd5 29. Qxd5 exd5 30.
Be3 Ne7 31. c6 Nxc6 32. Rc3 Nxa5 33. Rxc7 h6 34. Ra7 Nc4 35. Rxa6 Nxe3 36. fxe3 f6 37. Kf2 Kf7 38. Ra7+ Kg6 39.
h4 h5 40. Rd7 Ra5 41. Kf3 Rb5 42. Rd8 Ra5 43. Rd7 Rb5 44. Rd8 1/2-1/2

[Event "The Kvibergspelen 2024"]
[Site "Kviberg Park Hotel & Conference, Krutvagen 2, Gothenburg, Sweden"]
[Date "2024.09.08"]
[Round "7.18"]
[White "Kallen, Jonas"]
[Black "Sandberg, Lucas"]
[Result "1-0"]
[TimeControl "15 minutes + 5 seconds per move from move one (Round 1 - 4) / 90 minutes + 30 seconds per move from move one (Round 5 - 8)"]
[WhiteFideId "1712896"]
[BlackFideId "1773712"]
[WhiteElo "2026"]
[BlackElo "1887"]

1. e4 g6 2. d4 Bg7 3. Nf3 d6 4. Bd3 Nf6 5. O-O O-O 6. h3 c5 7. c3 Nc6 8. Be3 b6 9. a4 Bb7 10.
d5 Nb8 11. c4 Na6 12. Nc3 Nd7 13. Qd2 Ne5 14. Nxe5 Bxe5 15. f4 Bg7 16. f5 Nc7 17. Bg5 Bc8 18. Rf3 Bd7 19. h4 Be8 20.
Bh6 f6 21. Rg3 Kh8 22. fxg6 hxg6 23. e5 dxe5 24. Bxg6 Bxg6 25. h5 Rg8 26. hxg6 1-0

[Event "The Kvibergspelen 2024"]
[Site "Kviberg Park Hotel & Conference, Krutvagen 2, Gothenburg, Sweden"]
[Date "2024.09.08"]
[Round "7.19"]
[White "Bengtsson, Siv"]
[Black "Kleist, Axel"]
[Result "1-0"]
[TimeControl "15 minutes + 5 seconds per move from move one (Round 1 - 4) / 90 minutes + 30 seconds per move from move one (Round 5 - 8)"]
[WhiteFideId "1701673"]
[BlackFideId "1764322"]
[WhiteElo "1972"]
[BlackElo "1855"]

1. e4 c5 2. Nf3 d6 3. d4 cxd4 4. Nxd4 Nf6 5. Nc3 g6 6. Be3 Nc6 7. f3 h5 8. Qd2 Nxd4 9. Bxd4 Bh6 10.
Qf2 O-O 11. Rd1 Qa5 12. Bc4 b5 13. Bxf6 exf6 14. Bb3 Ba6 15. Qd4 Bg7 16. Kf2 f5 17. Qxd6 b4 18. Rd5 Qb6+ 19. Qxb6 axb6 20.
Na4 fxe4 21. fxe4 b5 22. Nc5 Bxb2 23. Rd6 Bc8 24. Rxg6+ Kh7 25. Rd6 f5 26. Rhd1 fxe4+ 27. Ke3 Be5 28.
R6d5 Bg4 29. Re1 Bxh2 30. Nxe4 Bg3 31. Nxg3 Rae8+ 32. Ne4 1-0

[Event "The Kvibergspelen 2024"]
[Site "Kviberg Park Hotel & Conference, Krutvagen 2, Gothenburg, Sweden"]
[Date "2024.09.08"]
[Round "7.20"]
[White "Svensson, Leif"]
[Black "Berling, Egil"]
[Result "1/2-1/2"]
[TimeControl "15 minutes + 5 seconds per move from move one (Round 1 - 4) / 90 minutes + 30 seconds per move from move one (Round 5 - 8)"]
[WhiteFideId "1702459"]
[BlackFideId "1781197"]
[WhiteElo "1990"]
[BlackElo "1837"]

1. d4 d5 2. Nc3 Nf6 3. Bf4 c5 4. e3 cxd4 5. exd4 Bg4 6. f3 Bd7 7. g4 h6 8. h4 Nc6 9. Qd2 Qb6 10.
O-O-O e6 11. Nge2 Rc8 12. Ng3 Bb4 13. a3 Bxc3 14. Qxc3 Na5 15. Qb4 Nc4 16. Bxc4 Qxb4 17. axb4 dxc4 18.
Ne4 Nxe4 19. fxe4 Ke7 20. g5 hxg5 21. hxg5 Bc6 22. Rxh8 Rxh8 23. d5 Bb5 24. dxe6 Kxe6 1/2-1/2

[Event "The Kvibergspelen 2024"]
[Site "Kviberg Park Hotel & Conference, Krutvagen 2, Gothenburg, Sweden"]
[Date "2024.09.08"]
[Round "7.21"]
[White "Frisk, Hans"]
[Black "Thomasson, Staffan"]
[Result "1-0"]
[TimeControl "15 minutes + 5 seconds per move from move one (Round 1 - 4) / 90 minutes + 30 seconds per move from move one (Round 5 - 8)"]
[WhiteFideId "1708570"]
[BlackFideId "1706284"]
[WhiteElo "1994"]
[BlackElo "1877"]

1. Nf3 Nf6 2. g3 c5 3. c4 d5 4.
Bg2 Nc6 5. O-O e5 6. cxd5 Nxd5 7. d3 Be7 8. Nc3 Nc7 9. a3 O-O 10. Qc2 Rb8 11. Ne4 Ne6 12. Be3 b6 13.
b4 f5 14. Neg5 Nxg5 15. Nxg5 Bxg5 16. Bxg5 Qxg5 17. Bxc6 Rf6 18. Bd5+ Be6 19. Qc4 Qg6 20.
bxc5 Rc8 21. c6 Kh8 22. Rac1 h5 23. Bxe6 Rxe6 24. c7 Qf7 25. Rc2 Re7 26. Qxf7 Rxf7 27. Rfc1 a5 28. Rc6 b5 29. R6c5 b4 30. axb4 axb4 31. Rxe5 Rfxc7 32. Rxc7 Rxc7 33.
Rxf5 g6 34. Rb5 Rc1+ 35. Kg2 Rb1 36. h4 Kg7 37. Rb6 b3 38. Kf3 b2 39. Ke3 Kf7 40. f3 Ke7 41. Kf4 Kd7 42. Kg5 Kc7 43.
Rb3 Rg1 44. Rxb2 Rxg3+ 45. Kf6 Kd6 46. Rb5 Rg2 47. Re5 Rh2 48. Re4 Rg2 49. f4 Rg4 50. f5 g5 51. Re6+ Kd5 52. hxg5 h4 53.
Re4 Rxe4 54. dxe4+ Kxe4 55. g6 h3 56. g7 h2 57. g8=Q h1=Q 58. Qa8+ 1-0